 Dungeon Crawl Stone Soup version 0.30-a0-845-g7c6808c8ce (webtiles) character file.

Game seed: 7208561728693837060

34210 Dittersdorf the Warrior (level 13, 0/93 HPs)
             Began as a Gargoyle Fighter on Mar 2, 2023.
             Was a High Priest of Okawaru.
             Slain by a skyshark (1 damage)
             ... on level 5 of the Lair of Beasts.
             The game lasted 00:15:56 (15519 turns).

Dittersdorf the Warrior (Gargoyle Fighter)         Turns: 15519, Time: 00:15:57

Health: 0/93       AC: 33    Str: 33    XL:     13   Next: 75%
Magic:  0/13       EV:  8    Int: 10    God:    Okawaru [*****.]
Gold:   992        SH: 12    Dex: 15    Spells: 12/12 levels left

rFire   . . .      SeeInvis +    w - +0 morningstar
rCold   . . .      Faith    .    D - +0 kite shield
rNeg    + . .      Spirit   +    b - +3 chain mail
rPois   ∞          Reflect  .    m - +2 helmet {SInv}
rElec   +          Rampage  .    L - +2 cloak of Midnight {Str+3}
rCorr   .                        N - +0 pair of gloves {infuse}
Will    .....                    (no boots) Stlth
                                 o - amulet of guardian spirit
HPRegen 0.35/turn                x - +6 ring of dexterity
MPRegen 0.13/turn                p - +6 ring of strength

@: mesmerised, very slow
A: sickness immunity, AC +9, negative energy resistance 1, electricity
resistance, torment resistance 1, petrification resistance
a: Renounce Religion, Heroism, Finesse, Duel


You were on level 5 of the Lair of Beasts.
You worshipped Okawaru.
Okawaru was extremely pleased with you.
You visited 3 branches of the dungeon, and saw 16 of its levels.

You collected 992 gold pieces.

Inventory:

Hand Weapons
 w - a +0 morningstar (weapon)
Missiles
 A - a curare-tipped dart (quivered)
 J - 2 throwing nets
Armour
 b - a +3 chain mail (worn)
 m - a +2 helmet of see invisible (worn)
 y - a +0 plate armour
 D - a +0 kite shield (worn)
 L - the +2 cloak of Midnight (worn) {Str+3}
   (Okawaru gifted it to you on level 10 of the Dungeon)

   Str:       It affects your strength (+3).
 N - a +0 pair of gloves of infusion (worn)
Jewellery
 f - a ring of positive energy
 o - an amulet of guardian spirit (around neck)
 p - a +6 ring of strength (right hand)
 x - a +6 ring of dexterity (left hand)
Wands
 u - a wand of flame (22)
 z - a wand of paralysis (25)
 E - a wand of roots (10)
 H - a wand of acid (4)
 K - a wand of mindburst (17)
Scrolls
 c - a scroll of brand weapon {unknown}
 h - 8 scrolls of teleportation
 j - 2 scrolls of fog {unknown}
 l - 2 scrolls of silence {unknown}
 s - 2 scrolls of blinking
 t - 3 scrolls of enchant armour
 B - 3 scrolls of amnesia {unknown}
 C - 3 scrolls of enchant weapon {unknown}
 F - a scroll of immolation {unknown}
 G - 2 scrolls of noise {unknown}
 I - a scroll of fear
 O - 2 scrolls of magic mapping {unknown}
Potions
 a - 2 potions of berserk rage
 d - 3 potions of might
 e - a potion of ambrosia
 g - 2 potions of invisibility
 i - 2 potions of mutation
 k - 8 potions of curing
 n - 3 potions of flight
 q - 8 potions of resistance
 r - 5 potions of haste
 v - 7 potions of heal wounds
 M - a potion of magic


   Skills:
 + Level 15.7 Fighting
 + Level 11.0 Maces & Flails
 + Level 12.2 Armour
 + Level 12.2 Shields


You had 12 spell levels left.
You didn't know any spells.
Your spell library contained the following spells:

 Spells                   Type           Power      Damage    Failure   Level
 Sting                    Tmut/Pois      0%         1d3       94%         1
 Lesser Beckoning         Tloc           0%         N/A       98%         2
 Poisonous Vapours        Pois/Air       0%         N/A       98%         2
 Gell's Gravitas          Tloc           0%         N/A       100%        3
 Ignite Poison            Fire/Tmut/Pois 0%         N/A       100%        3
 Inner Flame              Hex/Fire       0%         N/A       100%        3
 Kindle Blastsparks       Fire/Tloc/Air  0%         2d10      100%        3
 Mephitic Cloud           Conj/Pois/Air  0%         N/A       100%        3
 Ozocubu's Armour         Ice            0%         N/A       100%        3
 Teleport Other           Tloc           0%         N/A       100%        3
 Cause Fear               Hex            0%         N/A       100%        4
 Flame Wave               Conj/Fire      0%         2d4       100%        4
 Sticky Flame             Conj/Fire      0%         2d3       100%        4
 Alistair's Intoxication  Tmut/Pois      0%         N/A       100%        5
 Borgnjor's Vile Clutch   Necr/Erth      0%         N/A       100%        5
 Freezing Cloud           Conj/Ice/Air   0%         6-21      100%        5
 Metabolic Englaciation   Hex/Ice        0%         N/A       100%        5
 Yara's Violent Unravell  Hex/Tmut       0%         3d3       100%        5
 Eringya's Noxious Bog    Tmut/Pois      0%         N/A       100%        6
 Enfeeble                 Hex            0%         N/A       100%        7
 Discord                  Hex            0%         N/A       100%        8
 Ignition                 Fire           0%         3d3       100%        8
 Summon Small Mammal      Summ           Unusable   N/A       N/A         1
 Cigotuvi's Dreadful Rot  Necr/Pois/Air  Unusable   N/A       N/A         2
 Call Canine Familiar     Summ           Unusable   N/A       N/A         3
 Summon Guardian Golem    Hex/Summ       Unusable   N/A       N/A         3
 Simulacrum               Ice/Necr       Unusable   N/A       N/A         6

Dungeon Overview and Level Annotations

Branches:
Dungeon (10/15)            Temple (1/1) D:6            Lair (5/5) D:10
 Shoals (0/4) Lair:3       Spider (0/4) Lair:2
  Slime: Lair:4-5       Orc: D:9-12

Altars:
Ashenzari
Cheibriados
Dithmenos
Elyvilon
Fedhas
Gozag
Hepliaklqana
Kikubaaqudgha
Makhleb
Nemelex Xobeh
Okawaru
Qazlal
Ru
Sif Muna
Trog
Uskayaw
Vehumet
Wu Jian
Xom
Yredelemnul
Zin
The Shining One
Lugonu

Shops:
D:3 [

Portals:
Abyss: D:6

Annotations:
D:3 3 runed translucent doors, sirJeffrey23's ghost, amateur HOFi
D:6 2 runed translucent doors
Lair:4 1 runed translucent door, jasper's ghost, journeyman DjFE


Innate Abilities, Weirdness & Mutations

You are immune to sickness and miasma.
Your stone body is resilient. (AC +9)
You are immune to poison.
You resist negative energy. (rN+)
You are resistant to electric shocks. (rElec)
You are resistant to unholy torment.
You are immune to petrification.


Message History

You kill the skyshark!
Okawaru accepts your kill. You block the harpy's attack.
The harpy claws you but does no damage. The skyshark barely misses you.
The skyshark tail-slaps you. You block the skyshark's attack.
The merfolk avatar chants its luring song.
The elephant tramples you but does no damage.
The elephant barely misses you.
You hear an angry hiss.
The harpy claws you but does no damage. x2; You block the harpy's attack. x2
The skyshark bites you but does no damage.
The skyshark tail-slaps you but does no damage. x2
The harpy claws you but does no damage. You block the harpy's attack.
The merfolk avatar chants its luring song.
The elephant tramples you but does no damage.
The elephant trunk-slaps you but does no damage.
The skyshark closely misses you. You block the skyshark's attack.
The skyshark tail-slaps you but does no damage.
The harpy closely misses you. The harpy barely misses you.
You cannot move away from the merfolk avatar!
You cannot move away from the merfolk avatar!
Your unstable footing causes you to fumble your attack.
You block the harpy's attack. The harpy claws you but does no damage.
The merfolk avatar chants its luring song.
You block the elephant's attack.
The elephant trunk-slaps you but does no damage.
You block the harpy's attack. The harpy closely misses you.
You block the skyshark's attack. The skyshark tail-slaps you.
You block the skyshark's attack. The skyshark bites you!
* * * LOW HITPOINT WARNING * * *
The skyshark tail-slaps you but does no damage. x2
Your unstable footing causes you to fumble your attack.
The pull of its song draws you forwards.
The harpy claws you but does no damage. You block the harpy's attack.
The harpy closely misses you. You block the harpy's attack.
The merfolk avatar chants its luring song.
The skyshark bites you!
* * * LOW HITPOINT WARNING * * *
The skyshark tail-slaps you.
You die...

.............[.........
#..#.#.###..#.#......< #
##.## ######.......
#.######.### ~# ##......
#.P....#.P#.~#~~.......
#..~.....~~.~~~....~.~.
#...##.~##~~~#P~#~~~##~
#..~P~Yl##~~##~~P~~~##~
.P.#.~l@.~~~~~.P~~~~~~~~
....~~H~~HP~..~~~~~~~~ ~
....~~#~~########
#..~.##Pm~~8.⌠~~
P..#.~P~~~~~#ml~
.).#~~~~~~~~# ..
#..~~P~~~# ..~##~#~~~#
...~ ~~ ~~~#


You could see a merfolk avatar (mesmerising), 2 skysharks, an elephant and 2
harpies.

Vanquished Creatures
  Gastronok (D:8)
  A dire elephant (Lair:5)
  A hydra (Lair:3)
  A catoblepas (Lair:1)
  2 skysharks (Lair:5)
  A wolf spider (Lair:2)
  Joseph (D:10)
  A torpor snail (Lair:2)
  7 elephants
  4 black mambas
  11 cane toads
  A rime drake (Lair:5)
  6 komodo dragons
  A kobold demonologist (D:5)
  13 blink frogs
  A polar bear (Lair:3)
  A snapping turtle (Lair:3)
  2 wyverns
  A vampire (D:10)
  A human (D:10)
  4 hogs (D:10)
  32 yaks
  3 steam dragons
  2 vampire mosquitoes (D:10)
  2 basilisks
  An acid dragon (D:10)
  12 water moccasins
  3 orc warriors
  An ice beast (D:6)
  3 black bears
  An ogre (D:4)
  5 wolves (Lair:4)
  A kobold brigand (D:7)
  13 centaurs
  7 bullfrogs
  A gnoll sergeant (D:8)
  3 scorpions
  5 wights
  5 killer bees (D:7)
  2 electric eels (Lair:3)
  A jelly (D:4)
  4 orc priests
  A hound (D:5)
  2 gnoll boudas
  10 orc wizards
  2 sleepcaps
  4 iguanas
  21 gnolls
  7 adders
  A shadow imp (D:8)
  3 white imps
  An ufetubus (D:4)
  3 worms
  3 dart slugs
  32 orcs
  6 ball pythons
  A bat (D:1)
  9 endoplasms
  5 giant cockroaches
  8 goblins
  6 hobgoblins
  2 jackals (D:1)
  6 quokkas
  3 frilled lizards
  10 kobolds
  9 rats
324 creatures vanquished.

Vanquished Creatures (collateral kills)
  A kobold (D:4)
1 creature vanquished.

Vanquished Creatures (others)
  An orc wizard (D:10)
  14 fungi
  21 plants
36 creatures vanquished.

Grand Total: 361 creatures vanquished

Notes
Turn   | Place    | Note
-------+----------+-------------------------------------------
     0 | D:1      | Dittersdorf the Gargoyle Fighter began the quest for the
                  | Orb.
     0 | D:1      | Reached XP level 1. HP: 14/14 MP: 1/1
   104 | D:1      | Reached XP level 2. HP: 14/19 MP: 2/2
   261 | D:1      | Reached XP level 3. HP: 23/23 MP: 3/3
   584 | D:1      | Found a faded altar of an unknown god.
   857 | D:2      | Reached XP level 4. HP: 28/29 MP: 4/4
  1325 | D:3      | Reached skill level 4 in Fighting
  1396 | D:3      | Reached XP level 5. HP: 32/33 MP: 5/5
  1416 | D:3      | Identified the +1 dagger "Killer Bee's Curse" {antimagic,
                  | rF+ rC+ Int+5}
  1624 | D:3      | Found a runed translucent gate.
  1624 | D:3      | Found a runed translucent gate.
  1625 | D:3      | Found a runed translucent gate.
  1645 | D:3      | Noticed sirJeffrey23's ghost (amateur HOFi)
  1657 | D:3      | Found Loczeaqo's Armour Boutique.
  2062 | D:4      | Reached XP level 6. HP: 39/39 MP: 6/6
  2173 | D:4      | Noticed a black bear
  2181 | D:4      | Killed a black bear
  2182 | D:4      | Reached skill level 5 in Fighting
  2182 | D:4      | Reached skill level 5 in Armour
  2182 | D:4      | Reached skill level 5 in Shields
  2182 | D:4      | Reached XP level 7. HP: 40/44 MP: 5/7
  2589 | D:5      | Entered Level 5 of the Dungeon
  3121 | D:5      | Reached XP level 8. HP: 51/51 MP: 8/8
  3166 | D:5      | Reached skill level 6 in Fighting
  3499 | D:5      | Noticed a kobold demonologist
  3508 | D:5      | Noticed a hellwing
  3512 | D:5      | Killed a kobold demonologist
  3513 | D:5      | Reached skill level 5 in Maces & Flails
  3887 | D:6      | Found a staircase to the Ecumenical Temple.
  3905 | Temple   | Entered the Ecumenical Temple
  4267 | Temple   | Became a worshipper of Warmaster Okawaru
  4387 | D:6      | Reached XP level 9. HP: 54/56 MP: 7/9
  4423 | D:6      | Reached skill level 7 in Fighting
  4590 | D:6      | Found a large runed translucent door.
  4619 | D:6      | Found a one-way gate to the infinite horrors of the Abyss.
  4623 | D:6      | Found a hide-covered altar of Uskayaw.
  4737 | D:6      | Reached * piety under Okawaru
  5313 | D:6      | Found a large runed translucent door.
  5314 | D:6      | Found a corrupted altar of Lugonu.
  6067 | D:7      | Reached ** piety under Okawaru
  6309 | D:7      | Reached skill level 8 in Fighting
  6688 | D:8      | Noticed Gastronok
  6706 | D:8      | Killed Gastronok
  6706 | D:8      | Reached *** piety under Okawaru
  6706 | D:8      | Reached **** piety under Okawaru
  6707 | D:8      | Reached XP level 10. HP: 15/65 MP: 2/10
  7172 | D:8      | Reached skill level 9 in Fighting
  7793 | D:9      | Reached skill level 13 in Fighting
  7793 | D:9      | Reached XP level 11. HP: 78/78 MP: 11/11
  7957 | D:10     | Entered Level 10 of the Dungeon
  8401 | D:10     | Reached ***** piety under Okawaru
  8487 | D:10     | Noticed Joseph
  8504 | D:10     | Killed Joseph
  8671 | D:10     | Found a staircase to the Lair.
  8854 | D:10     | Reached XP level 12. HP: 71/84 MP: 10/12
  8989 | Lair:1   | Entered Level 1 of the Lair of Beasts
  9000 | D:10     | Reached skill level 14 in Fighting
  9100 | D:10     | Reached skill level 10 in Shields
  9216 | D:10     | Reached skill level 10 in Armour
  9344 | D:10     | Identified the +2 cloak of Midnight {Str+3} (Okawaru gifted
                  | it to you on level 10 of the Dungeon)
  9344 | D:10     | Received a gift from Okawaru
 10017 | Lair:1   | Noticed a catoblepas
 10035 | Lair:1   | Killed a catoblepas
 11271 | Lair:2   | Found a stormy altar of Qazlal.
 11340 | Lair:2   | Reached skill level 10 in Maces & Flails
 11340 | Lair:2   | Reached XP level 13. HP: 85/91 MP: 13/13
 11353 | Lair:2   | Reached skill level 15 in Fighting
 11496 | Lair:2   | Found a hole to the Spider Nest.
 12191 | Lair:3   | Received a gift from Okawaru
 12301 | Lair:3   | Reached ****** piety under Okawaru
 13300 | Lair:3   | Found a staircase to the Shoals.
 13982 | Lair:4   | You fall into a shaft and drop 1 floor!
 13982 | Lair:5   | Entered Level 5 of the Lair of Beasts
 14252 | Lair:4   | Received a gift from Okawaru
 14414 | Lair:4   | Identified the +4 spear "Dav Yluf" {protect, Will+++ Int-2
                  | Dex+4}
 14418 | Lair:4   | Noticed jasper's ghost (journeyman DjFE)
 14419 | Lair:4   | Found a runed translucent door.
 14570 | Lair:4   | Got the Lectures on Telluric Virulence
 15376 | Lair:5   | Noticed a dire elephant
 15393 | Lair:5   | Killed a dire elephant
 15519 | Lair:5   | HP: 1/93 [skyshark (14)]
 15519 | Lair:5   | Slain by a skyshark

Illustrated notes

Levels and vault maps discovered:
D:1:      dpeg_arrival_prison, layout_basic, shapermc_ecumenical_altar_pompeii,
          minmay_heptomino_h4
D:2:      layout_rooms, kennysheep_nub, hangedman_abyss_or_decor_lesser_grid
D:3:      layout_rooms, gammafunk_ghost_necromancy, serial_shops,
          nicolae_shop_behind_doors
D:4:      layout_loops_ring
D:5:      layout_basic
D:6:      due_chaos_kobolds, layout_gridville,
          mainiacjoe_overflow_surrounded_room, temple_green
D:7:      layout_basic
D:8:      layout_rooms, hangedman_minor_gate_pass, uniq_gastronok
D:9:      layout_rooms, hex_tiny
D:10:     layout_loops_cross, grunt_lair_entry_orc_guard_hut, solitary_fountain,
          minmay_misc_feat_nine_boxes, grunt_livestock, uniq_joseph
Temple:   compressed_dpeg_triangle_lava_temple
Lair:1:   layout_big_grid
Lair:2:   layout_cave_shapes, spider_nest_entry_rubble, lemuel_centaur_altar
Lair:3:   layout_cave_pods, minmay_shoals_entry_hut,
          chequers_serial_rivers_large_b, beast_lair_carwin_9
Lair:4:   layout_regular_city, ebering_ghost_funeral_grove,
          chequers_serial_rivers_room_b, grunt_megastairs_1
Lair:5:   gammafunk_lair_ancient_temple, layout_small_grid, slime_entry_1

Skill      XL: |  1  2  3  4  5  6  7  8  9 10 11 12 13 |
---------------+----------------------------------------+-----
Armour         | 4 5 6 8 9 11 12 | 12.2
Shields        | 4 5 7 8 9 11 12 | 12.2
Fighting       | 4 5 6 8 13 14 15 | 15.7
Maces & Flails | 3 4 5 7 8 10 11 | 11.0

Action                     |  1- 3 |  4- 6 |  7- 9 | 10-12 | 13-15 || total
---------------------------+-------+-------+-------+-------+-------++-------
  Melee: Flail             |   129 |   155 |   236 |       |       ||   520
         Morningstar       |       |       |   207 |   537 |   333 ||  1077
  Throw: Dart              |       |       |     1 |       |       ||     1
 Invoke: Heroism           |       |       |       |       |     2 ||     2
    Use: Scroll            |       |     9 |     3 |     6 |     3 ||    21
         Potion            |       |       |       |     1 |       ||     1
   Stab: Distracted        |       |     1 |       |       |       ||     1
 Armour: Scale mail        |    68 |   103 |    91 |       |       ||   262
         Chain mail        |       |       |   317 |       |   220 ||   537
         Plate armour      |       |       |       |   397 |    86 ||   483
  Dodge: Dodged            |    67 |    86 |   221 |   168 |   140 ||   682
  Block: Buckler           |    38 |    35 |   137 |       |       ||   210
         Kite shield       |       |       |     1 |   380 |   291 ||   672

Table legend: (Time is in decaauts)
 A = Elapsed time spent in this place.
 B = Non-inter-level travel time spent in this place.
 C = Inter-level travel time spent in this place.
 D = Time resting spent in this place.
 E = Time spent auto-exploring this place.
 F = Levels seen in this place.
 G = Mean time per level.
                   A        B        C        D        E       F      G
               +--------+--------+--------+--------+--------+-----+--------+
         Total |  15882 |  15353 |    529 |   2561 |   9538 |  16 |  992.6 |
       Dungeon |   9391 |   9001 |    390 |    948 |   5894 |  10 |  939.1 |
        Temple |    371 |    346 |     25 |      0 |    331 |   1 |  371.0 |
          Lair |   6119 |   6006 |    113 |   1613 |   3313 |   5 | 1223.8 |
               +--------+--------+--------+--------+--------+-----+--------+

Top non-repeatable levels by time:
  Lair:3: 1729 daAuts
    D:10: 1617 daAuts
     D:6: 1514 daAuts
  Lair:4: 1346 daAuts
  Lair:1: 1307 daAuts
  Lair:2: 1306 daAuts
     D:5: 1169 daAuts
     D:8: 991 daAuts
     D:7: 937 daAuts
     D:4: 857 daAuts
     D:1: 676 daAuts
     D:2: 576 daAuts
     D:3: 567 daAuts
     D:9: 484 daAuts
  Lair:5: 430 daAuts
